AoeStats
← Crash234

Black Forest

512692172Analyzed
4v4 RM · 7d ago on Oct 10, 2026· 62m 31s· 8 players
Game mode
Random Map
Map size
Large (8 player)
Population
200
Speed
Normal
Resources
Standard
Victory
Conquest
Starting age
Dark Age
Ending age
Imperial Age
RankedLock teamsTeams togetherTeam positionsShared explorationLock speedFull tech treeHidden civsTurbo modeCheats
Victory
Defeat
🇹🇷 Teutons · Türkiye
778
+17
🇷🇺 Italians · Russia
740
+18
🇷🇺 Portuguese · Russia
729
+19
🇷🇺 Britons · Russia
727
+19
vs
🇨🇳 Huns · China
884
-21
🇵🇰 Portuguese · Pakistan
783
-18
🇦🇷 Khmer · Argentina
759
-17
🇺🇸 Muisca · United States
750
-17
Crash234
0:38 Loom
13:06 Feudal Age
16:21 Horse Collar
16:29 Double-Bit Axe
21:08 Castle Age
24:10 Heavy Plow
27:21 Wheelbarrow
29:26 Stone Mining
30:46 Fletching
31:58 Bodkin Arrow
31:50 Crossbowman
35:39 Imperial Age
33:44 Padded Archer Armor
35:12 Yeomen
35:17 Ballistics
35:24 Caravan
36:24 Hand Cart
38:18 Bracer
38:37 Leather Archer Armor
38:11 Pikeman
40:32 Chemistry
39:39 Squires
40:16 Halberdier
41:49 Town Watch
43:28 Forging
43:19 Scale Mail Armor
44:05 Town Patrol
44:25 Elite Longbowman
45:29 Conscription
46:02 Iron Casting
45:42 Chain Mail Armor
45:58 Ring Archer Armor
49:09 Blast Furnace
48:40 Plate Mail Armor
51:03 Arson
51:34 Gambesons
54:35 Warwolf
55:30 Siege Engineers
55:41 Man-at-Arms
57:39 Long Swordsman
59:21 Long Swordsman
60:23 Two-Handed Swordsman
61:14 Champion
Konata Izumi
12:17 Feudal Age
12:47 Double-Bit Axe
12:54 Horse Collar
14:11 Wheelbarrow
17:43 Castle Age
15:57 Fishing Lines
20:42 Gold Mining
25:01 Bow Saw
27:04 Caravan
27:29 Gillnets
29:02 Ballistics
32:02 Imperial Age
29:58 Fortified Wall
30:32 Silk Road
31:01 Masonry
31:18 Hand Cart
30:51 Town Watch
31:33 Padded Archer Armor
31:23 Fletching
32:35 Stone Mining
33:47 Two-Man Saw
33:15 Conscription
34:15 Chemistry
33:38 Leather Archer Armor
34:14 Heavy Plow
34:42 Scale Mail Armor
35:17 Ring Archer Armor
35:34 Architecture
34:52 Arrowslits
35:22 Squires
35:30 Thumb Ring
35:55 Bodkin Arrow
36:13 Forging
36:23 Chain Mail Armor
36:41 Bracer
38:18 Iron Casting
38:14 Plate Mail Armor
38:13 Bombard Tower
38:04 Elite Genoese Crossbowman
39:09 Pirotechnia
40:19 Blast Furnace
40:02 Block Printing
40:32 Theocracy
40:30 Illumination
40:34 Sanctity
44:39 Guilds
47:29 Coinage
54:16 Town Patrol
HammerHeart
0:45 Loom
12:39 Feudal Age
13:56 Wheelbarrow
13:07 Double-Bit Axe
14:35 Horse Collar
21:34 Castle Age
19:51 Stone Mining
21:07 Forging
21:18 Scale Mail Armor
21:37 Pikeman
22:42 Heavy Plow
23:53 Hand Cart
25:10 Heavy Plow
25:24 Bow Saw
26:34 Iron Casting
26:04 Scale Barding Armor
26:17 Chain Mail Armor
26:50 Squires
28:18 Gold Mining
32:42 Imperial Age
32:15 Masonry
32:30 Fortified Wall
34:28 Chemistry
35:36 Crop Rotation
36:10 Two-Man Saw
36:46 Blast Furnace
36:59 Plate Mail Armor
36:59 Caravan
38:49 Elite Teutonic Knight
48:15 Halberdier
l-l-server-l-l
11:49 Feudal Age
12:30 Double-Bit Axe
17:15 Castle Age
15:48 Gold Mining
15:40 Horse Collar
18:18 Bow Saw
18:10 Heavy Plow
21:45 Wheelbarrow
22:35 Hand Cart
22:07 Town Watch
24:15 Caravan
27:25 Town Patrol
27:39 Stone Mining
34:44 Imperial Age
32:45 Fletching
32:57 Padded Archer Armor
33:19 Ballistics
32:41 Treadmill Crane
34:39 Leather Archer Armor
34:14 Fletching
36:02 Arquebus
36:23 Conscription
35:24 Elite Organ Gun
36:11 Bodkin Arrow
38:12 Chemistry
37:21 Siege Engineers
38:37 Two-Man Saw
38:10 Crop Rotation
38:24 Coinage
39:50 Banking
39:33 Guilds
40:43 Bracer
41:13 Ring Archer Armor
45:35 Stone Shaft Mining
49:41 Murder Holes
51:26 Fervor
58:10 Forging
58:07 Scale Barding Armor
60:08 Light Cavalry
61:01 Bloodlines
60:52 Husbandry
61:31 Iron Casting
61:17 Chain Barding Armor
World Champion Kitty-Petter
0:37 Loom
12:05 Feudal Age
13:55 Double-Bit Axe
16:06 Horse Collar
21:39 Castle Age
19:44 Stone Mining
20:30 Gold Mining
23:32 Heavy Plow
23:44 Bow Saw
30:12 Imperial Age
29:25 Fletching
29:36 Padded Archer Armor
31:07 Wheelbarrow
32:36 Stone Shaft Mining
32:37 Gold Shaft Mining
33:03 Two-Man Saw
32:34 Crop Rotation
32:29 Ballistics
33:10 Chemistry
32:13 Bodkin Arrow
32:14 Murder Holes
32:38 Leather Archer Armor
32:29 Treadmill Crane
34:27 Chemistry
33:38 Masonry
32:56 Elite Guecha Warrior
34:07 Conscription
35:18 Hoardings
34:56 Capped Ram
37:14 Bracer
38:31 Onager
45:03 Demolition Ship
47:04 Coinage
48:13 Heavy Demolition Ship
LulloaC
3:26 Loom
12:29 Feudal Age
13:57 Double-Bit Axe
16:29 Horse Collar
20:34 Gold Mining
22:49 Stone Mining
24:09 Wheelbarrow
25:35 Castle Age
23:10 Man-at-Arms
27:56 Forging
27:47 Scale Mail Armor
27:53 Scale Barding Armor
27:39 Fletching
27:49 Padded Archer Armor
27:50 Long Swordsman
27:51 Pikeman
31:29 Bow Saw
31:34 Heavy Plow
31:52 Heavy Plow
32:59 Caravan
33:33 Coinage
34:42 Stone Shaft Mining
34:46 Gold Shaft Mining
35:15 Hand Cart
38:51 Imperial Age
42:36 Two-Handed Swordsman
46:14 Elite Skirmisher
46:28 Crossbowman
52:40 Elite Battle Elephant
YGG
1:32 Loom
12:02 Feudal Age
16:32 Castle Age
15:57 Double-Bit Axe
15:55 Horse Collar
18:12 Bow Saw
19:09 Wheelbarrow
24:02 Heavy Plow
24:26 Gold Mining
24:27 Stone Mining
25:50 Scale Barding Armor
25:55 Forging
28:53 Imperial Age
28:30 Hand Cart
28:00 Town Watch
28:52 Gold Shaft Mining
29:44 Padded Archer Armor
29:34 Fletching
30:25 Husbandry
30:35 Bloodlines
29:46 Cavalier
31:08 Chain Barding Armor
31:23 Iron Casting
31:54 Two-Man Saw
31:56 Paladin
33:19 Plate Barding Armor
33:45 Blast Furnace
33:16 Parthian Tactics
32:57 Thumb Ring
33:38 Caravan
34:08 Coinage
33:48 Guilds
33:01 Pikeman
33:41 Squires
33:27 Arson
34:20 Conscription
34:01 Marauders
34:41 Heavy Cavalry Archer
37:09 Banking
38:06 Ballistics
38:47 Chemistry
39:37 Murder Holes
39:50 Bodkin Arrow
40:11 Leather Archer Armor
39:37 Light Cavalry
39:52 Elite Tarkan
41:03 Hussar
42:09 Atheism
42:08 Masonry
42:00 Scale Mail Armor
42:00 Bracer
44:27 Town Patrol
44:45 Chain Mail Armor
43:55 Halberdier
mrbeast2mrbeast2
10:21 Loom
12:52 Feudal Age
15:37 Wheelbarrow
16:45 Double-Bit Axe
17:03 Horse Collar
23:08 Castle Age
22:30 Man-at-Arms
24:18 Husbandry
24:35 Forging
24:15 Gambesons
23:51 Long Swordsman
24:55 Bow Saw
24:47 Heavy Plow
25:29 Hand Cart
30:35 Circumnavigation
33:14 Imperial Age
33:27 Stone Mining
33:28 Gold Mining
34:39 Two-Handed Swordsman
36:13 Ballistics
38:41 Chemistry
37:56 Champion
44:55 Scale Mail Armor
45:50 Husbandry
45:12 Cavalier
45:59 Husbandry
45:24 Cavalier
53:33 Bombard Tower
Connection lost

Rejoining the realm…

Still unreachable

The connection could not be restored.

Session expired

The server has moved on; the page needs a fresh start.